AoeStats
← DaringCube63239

Yucatan

510736794Analyzed
2v2 RM · 1d ago on Oct 2, 2026· 36m 15s· 4 players
Game mode
Random Map
Map size
Medium (4 player)
Population
200
Speed
Normal
Resources
Standard
Victory
Conquest
Starting age
Dark Age
Ending age
Imperial Age
RankedLock teamsTeams togetherTeam positionsShared explorationLock speedFull tech treeHidden civsTurbo modeCheats
Victory
Defeat
🇨🇳 Persians · China
637
+6
🇨🇳 Persians · China
636
+7
🇹🇷 Persians · Türkiye
490
-9
🇨🇿 Bohemians · Czechia
309
-4
DaringCube63239
10:13 Feudal Age
16:43 Horse Collar
17:47 Loom
21:13 Double-Bit Axe
23:38 Castle Age
Sake
14:33 Feudal Age
16:34 Wheelbarrow
15:51 Double-Bit Axe
15:50 Horse Collar
18:53 Stone Mining
24:17 Castle Age
27:17 Bow Saw
27:52 Heavy Plow
28:43 Squires
28:04 Pikeman
29:36 Scale Mail Armor
34:17 Fletching
2205989282
10:22 Loom
12:08 Feudal Age
16:47 Loom
19:37 Castle Age
19:33 Horse Collar
19:43 Gold Mining
21:48 Stone Mining
22:14 Forging
22:14 Scale Barding Armor
23:46 Heavy Plow
30:05 Iron Casting
30:25 Chain Barding Armor
32:25 Gold Shaft Mining
1679297837
14:09 Feudal Age
20:44 Castle Age
18:29 Horse Collar
18:39 Double-Bit Axe
23:19 Husbandry
23:44 Heavy Plow
25:06 Bow Saw
29:39 Bloodlines
29:41 Scale Barding Armor
29:47 Forging
30:56 Wheelbarrow
Connection lost

Rejoining the realm…

Still unreachable

The connection could not be restored.

Session expired

The server has moved on; the page needs a fresh start.